 Dungeon Crawl Stone Soup version 0.27-a0-1378-gdefffd1ff6 (webtiles) character file.

Game seed: 1341158855883557123

315 Kold the Grave Robber (level 6, 0/41 HPs)
             Began as a Mummy Necromancer on June 29, 2021.
             Shot with a stone by a goblin (5 damage)
             ... on level 5 of the Dungeon.
             The game lasted 00:10:56 (6875 turns).

Kold the Grave Robber (Mummy Necromancer)           Turns: 6875, Time: 00:10:57

Health: 0/41       AC:  2    Str: 12    XL:     6   Next: 20%
Magic:  10/13      EV: 12    Int: 16    God:
Gold:   126        SH:  0    Dex: 12    Spells: 4/14 levels left

rFire    x . .     SeeInvis .   h - +3 whip "Vusyss" {venom, Stlth+}
rCold    + . .     Faith    .   (no shield)
rNeg     + + +     Spirit   .   a - +0 robe
rPois    ∞         Reflect  .   (no helmet)
rElec    .         Harm     .   (no cloak)
rCorr    .         Rampage  .   (no gloves)
Will     .....                  (no boots)
Stlth    +++.......             (no amulet)
HPRegen  0.13/turn              (no ring)
MPRegen  0.13/turn              (no ring)

@: very slightly contaminated
A: cold resistance 1, negative energy resistance 3, torment resistance 2, heat
vulnerability 1, no potions
a: no special abilities


You were on level 5 of the Dungeon.
You visited 1 branch of the dungeon, and saw 5 of its levels.

You collected 126 gold pieces.

Inventory:

Hand Weapons
 h - the +3 whip "Vusyss" (weapon) {venom, Stlth+}
   (You found it on level 4 of the Dungeon)

   It poisons the flesh of those it strikes.
   Stlth:     It makes you more stealthy.
Missiles
 b - an atropa-tipped dart
Armour
 a - a +0 robe (worn)
 j - a +0 buckler
Magical Staves
 f - a staff of fire
Jewellery
 d - a ring of ice
Wands
 e - a wand of paralysis (7)
Scrolls
 c - a scroll of fear
 g - a scroll of brand weapon
 i - a scroll of noise {unknown}


   Skills:
 + Level 3.2 Dodging
 - Level 2.0 Stealth
 + Level 4.8 Spellcasting
 + Level 1.0 Conjurations
 + Level 5.2 Necromancy


You had 4 spell levels left.
You knew the following spells:

 Your Spells              Type           Power      Damage    Failure   Level
a - Pain                  Necr           80%        1d8       1%          1
b - Animate Skeleton      Necr           40%        N/A       1%          1
c - Vampiric Draining     Necr           10%        2d7       5%          3
d - Magic Dart            Conj           28%        1d4       10%         1
e - Animate Dead          Necr           10%        N/A       19%         4

Your spell library contained the following spells:

 Spells                   Type           Power      Damage    Failure   Level
 Blink                    Tloc           N/A        N/A       24%         2
 Call Imp                 Summ           3%         N/A       24%         2
 Slow                     Hex            3%         N/A       24%         2
 Conjure Flame            Conj/Fire      5%         6-21      36%         3
 Mephitic Cloud           Conj/Pois/Air  5%         N/A       38%         3
 Agony                    Necr           20%        N/A       45%         5


Dungeon Overview and Level Annotations

Branches:
Dungeon (5/15)
 Temple: D:4-7

Altars:
Cheibriados
Elyvilon
Makhleb
Qazlal
Uskayaw
Vehumet
Wu Jian

Shops:
D:4 (

Annotations:
D:3 Grinder


Innate Abilities, Weirdness & Mutations

You are immune to poison.
Your flesh is cold resistant. (rC+)
You are immune to negative energy. (rN+++)
You are immune to unholy pain and torment.
You are vulnerable to heat. (rF-)
You do not drink.


Message History

Confirm with . or Enter, or press ? or * to list all spells.
Aiming: Pain (safe; 1% risk of failure)
Press: ? - help, Shift-Dir - straight line, f - goblin
Aim: a goblin, wielding a +0 hunting sling and quivering stones (chance to affect: 90%)
The goblin writhes in agony.
You kill the goblin!
The goblin shoots a stone.
The stone barely misses you.
The goblin shoots a stone.
The stone barely misses you.
Casting: Pain (safe; 1% risk of failure)
Confirm with . or Enter, or press ? or * to list all spells.
You attempt to give life to the dead...
Before your eyes, flesh is ripped from the corpse!
The dead are walking!
The goblin shoots a stone.
The stone hits you.
The goblin shoots a stone.
The stone closely misses you.
The goblin shoots a stone.
The stone barely misses you.
The goblin shoots a stone.
The stone hits you.
Unknown command.
Casting: Animate Skeleton (safe; 1% risk of failure)
Confirm with . or Enter, or press ? or * to list all spells.
You can't see any susceptible monsters within range! (Use Z to cast anyway.)
The goblin shoots a stone.
The stone hits you.
The goblin shoots a stone.
The stone hits you.
* * * LOW HITPOINT WARNING * * *
Your goblin skeleton closely misses the goblin.
Found a ruby potion.
Casting: Animate Skeleton (safe; 1% risk of failure)
Confirm with . or Enter, or press ? or * to list all spells.
Aiming: Pain (safe; 1% risk of failure)
Press: ? - help, Shift-Dir - straight line, f - goblin
Aim: a goblin, wielding a +0 hunting sling and quivering stones (chance to affect: 90%)
You miscast Pain.
You are very lightly contaminated with residual magic.
Nothing appears to happen.
The goblin shoots a stone.
The stone hits you.
* * * LOW HITPOINT WARNING * * *
The goblin shoots a stone.
The stone barely misses you.
Your goblin skeleton closely misses the goblin.
The goblin shoots a stone.
The stone barely misses you.
Your goblin skeleton misses the goblin.
The goblin shoots a stone.
The stone hits you.
You die...

#################++##
≈≈≈≈≈≈≈≈≈≈≈≈≈≈≈.)...≈
≈≈≈≈≈≈≈≈≈≈≈≈≈≈≈≈....!
≈≈≈≈≈≈≈≈≈≈≈≈≈≈≈..Z..≈
≈≈≈.≈≈≈.≈≈≈.≈≈...g..≈
.................g... .
...........@......... ..
###.................. .....
#....##..###......... .....
#.........###.....### ..#.
..........#####.#...## ..$
...........#....###..## ##.
#........#............####..
#.......#.......(..#..#....
####.......................


You could see 2 goblins and a friendly goblin skeleton.

Vanquished Creatures
  A hound (D:5)
  An orc priest (D:4)
  Terence (D:3)
  An orc wizard (D:4)
  A hound skeleton (D:5)
  4 gnolls
  5 adders
  An ufetubus (D:4)
  4 worms
  2 dart slugs
  4 orcs
  7 endoplasms
  A giant cockroach (D:3)
  14 goblins
  5 hobgoblins
  13 jackals
  2 quokkas
  5 ball pythons
  4 bats
  2 frilled lizards
  6 kobolds
  5 rats
89 creatures vanquished.

Vanquished Creatures (others)
  5 plants (D:2)
5 creatures vanquished.

Grand Total: 94 creatures vanquished

Notes
Turn   | Place    | Note
-------+----------+-------------------------------------------
     0 | D:1      | Kold the Mummy Necromancer began the quest for the Orb.
     0 | D:1      | Reached XP level 1. HP: 13/13 MP: 4/4
     6 | D:1      | Learned a level 1 spell: Animate Skeleton
   805 | D:1      | Reached XP level 2. HP: 19/19 MP: 2/5
  1810 | D:2      | Reached XP level 3. HP: 24/24 MP: 5/7
  2358 | D:2      | Learned a level 3 spell: Vampiric Draining
  2738 | D:2      | Reached XP level 4. HP: 16/30 MP: 3/9
  3625 | D:3      | Noticed Terence
  3636 | D:3      | Killed Terence
  4056 | D:3      | Noticed Grinder
  4072 | D:3      | Paralysed by Grinder for 6 turns
  4091 | D:3      | Paralysed by Grinder for 4 turns
  4113 | D:3      | Paralysed by Grinder for 3 turns
  4120 | D:3      | Paralysed by Grinder for 7 turns
  4420 | D:4      | Reached XP level 5. HP: 24/35 MP: 4/11
  4424 | D:4      | Reached skill level 5 in Necromancy
  4934 | D:4      | Learned a level 1 spell: Magic Dart
  5068 | D:4      | Identified the +3 whip "Vusyss" {venom, Stlth+}
  5204 | D:4      | Found Fufua's Firing Range.
  5281 | D:4      | Learned a level 4 spell: Animate Dead
  5832 | D:3      | Found a snail-covered altar of Cheibriados.
  5833 | D:3      | Found a stormy altar of Qazlal.
  5930 | D:3      | Found a burning altar of Makhleb.
  5945 | D:3      | Found a radiant altar of Vehumet.
  5945 | D:3      | Found an ornate altar of the Wu Jian Council.
  5950 | D:3      | Found a hide-covered altar of Uskayaw.
  6197 | D:5      | Entered Level 5 of the Dungeon
  6435 | D:5      | Reached XP level 6. HP: 35/41 MP: 13/13
  6682 | D:4      | Reached skill level 1 in Conjurations
  6875 | D:5      | Shot with a stone by a goblin

Illustrated notes

Levels and vault maps discovered:
D:1:      psy_arrival_whirlpool, layout_loops_cross
D:2:      layout_loops_corners, chequers_big_river
D:3:      layout_basic, minitemple, minmay_misc_feat_secret_circle,
          uniq_terence, uniq_grinder, uniq_sigmund
D:4:      layout_cave_pools, nicolae_shop_firing_range
D:5:      minmay_goblin_kobold_castle, layout_rooms, kennysheep_generic_room_9

Skill      XL: |  1  2  3  4  5  6 |
---------------+-------------------+-----
Spellcasting   | 3 4 |  4.8
Stealth        | 2 |  2.0
Dodging        | 2 3 |  3.2
Necromancy     | 5 |  5.2
Conjurations   | 1 |  1.0

Action                   |  1- 3 |  4- 6 || total
-------------------------+-------+-------++-------
Melee: Whip              |    32 |    21 ||    53
       Staff             |       |     7 ||     7
 Cast: Pain              |    94 |   128 ||   222
       Animate Skeleton  |     5 |     9 ||    14
       Animate Dead      |       |     1 ||     1
  Use: Scroll            |       |     5 ||     5
Armor: Robe              |     3 |     6 ||     9
Dodge: Dodged            |    30 |    72 ||   102

Table legend: (Time is in decaauts)
 A = Elapsed time spent in this place.
 B = Non-inter-level travel time spent in this place.
 C = Inter-level travel time spent in this place.
 D = Time resting spent in this place.
 E = Time spent auto-exploring this place.
 F = Levels seen in this place.
 G = Mean time per level.
                   A        B        C        D        E       F      G
               +--------+--------+--------+--------+--------+-----+--------+
         Total |   6901 |   6468 |    433 |   2543 |   3030 |   5 | 1380.2 |
       Dungeon |   6901 |   6468 |    433 |   2543 |   3030 |   5 | 1380.2 |
               +--------+--------+--------+--------+--------+-----+--------+

Top non-repeatable levels by time:
     D:2: 2028 daAuts
     D:1: 1697 daAuts
     D:3: 1444 daAuts
     D:4: 1287 daAuts
     D:5: 443 daAuts
